 Dungeon Crawl Stone Soup version 0.29.0-13-gc9e81de378 (webtiles) character file.

Game seed: 8961796794546710396

706 ghwc the Reanimator (level 7, -8/46 HPs)
             Began as a Demonspawn Necromancer on Sept 9, 2022.
             Mangled by a large abomination (19 damage)
             ... on level 1 of the Abyss.
             The game lasted 00:07:27 (5409 turns).

ghwc the Reanimator (Demonspawn Necromancer)        Turns: 5409, Time: 00:07:27

Health: -8/46      AC:  8    Str: 11    XL:     7   Next: 39%
Magic:  10/10      EV: 10    Int: 16    God:
Gold:   249        SH:  0    Dex: 15    Spells: 6/10 levels left

rFire   . . .      SeeInvis .   b - +1 dagger (venom)
rCold   . . .      Faith    .   (no shield)
rNeg    . . .      Spirit   .   k - +1 ring mail
rPois   .          Reflect  .   d - +1 helmet
rElec   .          Harm     .   (no cloak)
rCorr   .          Rampage  .   (no gloves)
Will    .....                   (no boots)
Stlth   ++........              (no amulet)
HPRegen 0.15/turn               (no ring)
MPRegen 0.12/turn               (no ring)

@: mighty
A: thin skeletal structure 1, ignite blood 1, spiny 1
a: no special abilities


You were on level 1 of the Abyss.
You visited 1 branch of the dungeon, and saw 5 of its levels.
You visited the Abyss 1 time.

You collected 249 gold pieces.

Inventory:

Hand Weapons
 a - a +1 falchion
 b - a +1 dagger of venom (weapon)
 f - a +2 short sword of freezing
Armour
 d - a +1 helmet (worn)
 k - a +1 ring mail (worn)
 t - a +2 buckler
Scrolls
 h - a scroll of magic mapping
Potions
 c - a potion of brilliance {unknown}
 g - a potion of haste {unknown}
 j - 2 potions of magic
 l - 2 potions of degeneration {unknown}
 m - 2 potions of mutation {unknown}
 n - 2 potions of resistance {unknown}
 o - a potion of flight {unknown}
 p - a potion of invisibility {unknown}
 q - a potion of cancellation {unknown}


   Skills:
 - Level 1.8 Dodging
 - Level 1.8 Stealth
 - Level 2.0 Spellcasting
 + Level 9.9 Necromancy


You had 6 spell levels left.
You knew the following spells:

 Your Spells              Type           Power      Damage    Failure   Level
a - Necrotise             Necr           100%       1d9       1%          1
b - Vampiric Draining     Necr           33%        2d8       2%          3

Your spell library contained the following spells:

 Spells                   Type           Power      Damage    Failure   Level
 Animate Dead             Necr           33%        N/A       9%          4
 Agony                    Necr           33%        N/A       22%         5


Dungeon Overview and Level Annotations

Branches:
Dungeon (5/15)
 Temple: D:4-7

Altars:
Nemelex Xobeh
Xom

Shops:
D:2 (


Innate Abilities, Weirdness & Mutations

You have a somewhat thin skeletal structure. (Dex +2, Stealth+)
Your demonic aura sometimes causes spilled blood to erupt in flames.
You are partially covered in sharp spines.


Message History

You closely miss the smoke demon.
The smoke demon is lightly wounded.
The smoke demon completely misses you. The smoke demon closely misses you.
The smoke demon hits you but does no damage.
You closely miss the smoke demon.
The smoke demon is lightly wounded.
The smoke demon is struck by your spines.
The smoke demon hits you but does no damage. x2
The smoke demon hits you.
You bump into the stone wall.
You feel less invigorated.
You feel less confused. The smoke demon gestures at you.
The sticky flame hits you.
You are covered in liquid flames!
You hit the smoke demon.
The smoke demon is moderately wounded.
You are covered in liquid flames!
You are no longer on fire.
The large abomination hits you but does no damage.
The smoke demon closely misses you.
The smoke demon hits you but does no damage. x2
The smoke demon attacks as you move away!
The smoke demon hits you. The smoke demon barely misses you.
The smoke demon hits you but does no damage.
You completely miss the large abomination.
The large abomination hits you!!
Ouch! That really hurt!
* * * LOW HITPOINT WARNING * * *
You feel much better.
The large abomination is engulfed in blazing flames.
The large abomination hits you but does no damage.
The smoke demon gestures at you. The ball of steam hits you!!
* * * LOW HITPOINT WARNING * * *
You feel very mighty all of a sudden. The smoke demon gestures at you.
The ball of steam misses you.
The large abomination is engulfed in blazing flames.
The large abomination hits you!!
You die...

### ##..#
####.###
###
#....X@♣ #
#
.#....#3#♣
...#....#♣
# .
..#.#.#♣
.# ....###
.
#..#.##.#
#...#. #
.. # #. #.
#.♣ #...
#.# .♣


You could see a large abomination and a smoke demon.

Vanquished Creatures
  Sigmund (D:2)
  An ogre (D:4)
  A phantom (D:4)
  A scorpion (D:4)
  An orc priest (D:3)
  A hound (D:2)
  5 orc wizards
  4 adders
  2 ufetubi (D:4)
  3 worms
  7 orcs
  4 ball pythons
  10 endoplasms
  A giant cockroach (D:3)
  8 goblins
  8 hobgoblins
  6 jackals
  8 kobolds
  A quokka (D:4)
  9 bats
  A rat (D:1)
83 creatures vanquished.

Vanquished Creatures (collateral kills)
  An endoplasm (D:2)
1 creature vanquished.

Grand Total: 84 creatures vanquished

Notes
Turn   | Place    | Note
-------+----------+-------------------------------------------
     0 | D:1      | ghwc the Demonspawn Necromancer began the quest for the
                  | Orb.
     0 | D:1      | Reached XP level 1. HP: 13/13 MP: 3/3
   359 | D:1      | Gained mutation: You are partially covered in sharp spines.
                  | [demonic ancestry]
   359 | D:1      | Reached XP level 2. HP: 18/19 MP: 3/5
   545 | D:1      | Reached skill level 5 in Necromancy
  1369 | D:2      | Reached XP level 3. HP: 24/24 MP: 3/6
  1374 | D:2      | Noticed Sigmund
  1394 | D:2      | Killed Sigmund
  1395 | D:2      | Reached skill level 7 in Necromancy
  1395 | D:2      | Reached XP level 4. HP: 9/30 MP: 7/7
  1395 | D:2      | Reached XP level 5. HP: 10/35 MP: 8/8
  1755 | D:2      | Found Sathorcha's Weapon Shoppe.
  1871 | D:2      | Learned a level 3 spell: Vampiric Draining
  2258 | D:2      | Found a faded altar of an unknown god.
  2444 | D:2      | Gained mutation: Your demonic aura sometimes causes spilled
                  | blood to erupt in flames. [demonic ancestry]
  2444 | D:2      | Reached XP level 6. HP: 41/41 MP: 7/9
  2895 | D:3      | Reached skill level 8 in Necromancy
  3429 | D:3      | Found a shimmering altar of Xom.
  4303 | D:4      | Reached skill level 9 in Necromancy
  4579 | D:4      | Gained mutation: You have a somewhat thin skeletal
                  | structure. (Dex +2, Stealth+) [demonic ancestry]
  4579 | D:4      | Reached XP level 7. HP: 31/46 MP: 3/10
  5151 | D:5      | Entered Level 5 of the Dungeon
  5301 | D:5      | Found a sparkling altar of Nemelex Xobeh.
  5334 | Abyss:1  | Cast into level 1 of the Abyss (orc priest)
  5345 | Abyss:1  | Noticed a raiju
  5347 | Abyss:1  | Noticed a raiju
  5384 | Abyss:1  | Noticed a smoke demon
  5389 | Abyss:1  | Noticed a large abomination
  5409 | Abyss:1  | Mangled by a large abomination

Illustrated notes

Levels and vault maps discovered:
D:1:      dreamdust_arrival_sigmund_warning, layout_basic, columned_hall_lemuel,
          minivault_27, st_stairs_7
D:2:      layout_basic, serial_shops, nicolae_shop_hallway_stairs,
          hellmonk_ecumenical_altar_leap_of_faith, uniq_sigmund
D:3:      minmay_chambers_of_twos, layout_loops_corners, lemuel_round_altar,
          st_stairs_12
D:4:      layout_cave_pools, minmay_misc_feat_alley, serial_park_tiny_2,
          kennysheep_small_spiral
D:5:      layout_basic, nemelex_diamond_rough_becter, dreamdust_princess_bridge
Abyss:1:  base:
Temple

Skill      XL: |  1  2  3  4  5  6 |
---------------+-------------------+-----
Necromancy     | 5 7 9 |  9.9
Dodging        | |  1.8
Stealth        | |  1.8
Spellcasting   | |  2.0

Action                   |  1- 3 |  4- 6 |  7- 9 || total
-------------------------+-------+-------+-------++-------
Melee: Falchion          |    23 |    17 |       ||    40
       Dagger            |       |    55 |    37 ||    92
       Punch             |       |     1 |       ||     1
 Cast: Necrotise         |    22 |    46 |     4 ||    72
  Use: Scroll            |     5 |     5 |     1 ||    11
       Potion            |     3 |     2 |     4 ||     9
Armor: Robe              |     5 |       |       ||     5
       Ring mail         |     3 |    38 |    30 ||    71
Dodge: Dodged            |    14 |    43 |    24 ||    81
